Map: 블랙핑크 - 래더

Players

Zest - Winner!

  • Race: Protoss Protoss
  • Spawn Location: 1:00

ByuL

  • Race: Zerg Zerg
  • Spawn Location: 7:00

VOD

Have the link to the VOD?

Description

Time

  • Played on: Dec. 22, 2017, 3:24 a.m.
  • Length: 6:30
Show
View Real Time Build Order
Export as new Build Order

Zest Protoss - Winner!

Build Orders: 1 Gate Expand, Oracle Opening, Phoenix Opening 

Get SALT Encoding   

  12  0:00  Probe  
  13  0:12  Probe  
  14  0:18  Pylon  
  14  0:24  Probe (Chrono Boost)  
  15  0:37  Probe (Chrono Boost)  
  16  0:43  Probe (Chrono Boost), Gateway  
  16  0:47  Assimilator  
  17  0:52  Probe  
  18  1:04  Probe  
  19  1:16  Probe  
  20  1:23  Nexus  
  20  1:32  Cybernetics Core  
  20  1:35  Probe  
  21  1:40  Assimilator  
  21  1:48  Probe  
  21  1:51  Pylon  
  22  2:00  Probe  
  23  2:07  Adept (Chrono Boost)  
  23  2:12  Probe  
  23  2:14  Stargate  
  26  2:22  Warp Gate (Chrono Boost)  
  26  2:24  Probe  
  27  2:30  Stalker  
  27  2:35  Probe  
  27  2:36  Probe  
  31  2:47  Probe  
  31  2:48  Probe  
  33  2:53  Pylon  
  33  2:56  Oracle (Chrono Boost)  
  33  2:59  Probe  
  33  3:00  Probe  
  38  3:11  Probe  
  38  3:12  Probe  
  40  3:20  Gateway  
  40  3:21  Gateway  
  40  3:23  Probe  
  40  3:24  Probe  
  42  3:28  Phoenix (Chrono Boost)  
  44  3:35  Probe  
  44  3:36  Probe  
  44  3:40  Twilight Council  
  46  3:48  Probe  
  47  3:49  Probe  
  47  3:55  Pylon  
  48  4:00  Probe  
  48  4:01  Probe  
  48  4:02  Pylon  
  48  4:15  Shield Battery  
  45  4:21  Shield Battery  
  45  4:24  Adept x3  
  44  4:36  Resonating Glaives (Chrono Boost)  
  44  4:44  Adept x2  
  44  4:45  Probe, Adept  
  50  4:46  Probe  
  50  4:51  Pylon  
  52  4:58  Probe x2  
  54  5:05  Adept x3  
  60  5:09  Pylon  
  60  5:10  Probe x2  
  62  5:22  Probe  
  62  5:23  Pylon  
  62  5:25  Probe  
  62  5:27  Adept x2  
  62  5:28  Adept  
  70  5:34  Probe  
  69  5:48  Nexus  
  67  5:50  Adept x2  
  67  5:51  Adept  
  67  5:55  Probe x2  
  75  5:59  Pylon  
  75  6:05  Assimilator  
  75  6:07  Assimilator  
  75  6:11  Robotics Facility  
  75  6:25  Forge  
  75  6:27  Pylon  
Show
View Real Time Build Order
Export as new Build Order

ByuL Zerg 

Build Orders: Hatch First 

Get SALT Encoding   

  12  0:00  Drone  
  13  0:08  Drone  
  14  0:17  Overlord  
  14  0:21  Extractor  
  14  0:22  Drone  
  15  0:36  Drone x2  
  17  0:51  Hatchery  
  17  0:55  Drone  
  17  0:58  Drone  
  18  1:08  Extractor  
  17  1:13  Spawning Pool  
  17  1:16  Drone  
  17  1:18  Drone  
  18  1:27  Drone  
  19  1:37  Overlord  
  19  1:48  Drone  
  20  1:59  Queen  
  20  2:00  Zergling x2  
  23  2:03  Queen  
  23  2:04  Zergling x2  
  26  2:08  Metabolic Boost  
  26  2:10  Drone  
  26  2:14  Drone  
  28  2:20  Drone  
  29  2:26  Drone  
  30  2:38  Hatchery  
  30  2:39  Zergling x2  
  30  2:41  Drone  
  30  2:44  Drone  
  32  2:47  Overlord  
  32  2:55  Drone  
  35  2:59  Drone  
  36  3:08  Evolution Chamber  
  34  3:13  Zergling x6  
  34  3:14  Zergling x4  
  34  3:18  Zergling x2  
  34  3:19  Zergling x4  
  40  3:23  Zergling x2  
  41  3:30  Zergling x2  
  41  3:33  Overlord  
  42  3:43  Zergling x2, Spore Crawler  
  42  3:44  Zergling x4  
  44  3:51  Zergling x2  
  44  3:52  Zergling x10  
  47  4:09  Zergling x10  
  51  4:11  Overlord  
  47  4:20  Queen  
  47  4:26  Zergling x8  
  47  4:27  Zergling x2  
  47  4:31  Drone  
  47  4:33  Drone  
  47  4:35  Drone  
  47  4:37  Drone  
  48  4:45  Drone  
  49  4:46  Spore Crawler, Overlord  
  49  4:50  Drone x2  
  49  4:51  Drone  
  51  4:55  Drone  
  51  4:58  Spore Crawler  
  51  5:06  Drone x2  
  52  5:08  Drone x3  
  55  5:17  Queen  
  55  5:18  Overlord  
  57  5:24  Drone  
  57  5:26  Overlord  
  58  5:31  Baneling Nest  
  58  5:34  Drone  
  58  5:37  Drone  
  58  5:42  Zergling x14  
  61  5:44  Zergling x4  
  61  5:46  Zergling x2  
  61  5:52  Drone  
  61  5:55  Drone x3  
  65  5:57  Drone  
  65  6:00  Zergling x2  
  65  6:01  Zergling x4  
  68  6:06  Zergling x6  
Tags
 
Add a new tag
Caveats
  • Supply blocks, unpowered buildings, or Contaminate may cause inaccurate times.
  • Supply counts are checked every 10 seconds.